 Dungeon Crawl Stone Soup version 0.29.1-1-gd02db6906a (webtiles) character file.

Game seed: 1325435005235505713

6475 LabCoat the Cleaver (level 11, -5/94 HPs)
             Began as a Hill Orc Fighter on Sept 18, 2022.
             Was a Believer of Trog.
             Slain by a ghost moth (15 damage)
             ... on level 10 of the Dungeon.
             The game lasted 00:36:36 (11809 turns).

LabCoat the Cleaver (Hill Orc Fighter)             Turns: 11809, Time: 00:36:36

Health: -5/94      AC: 21    Str: 23 (24) XL:     11   Next: 0%
Magic:  0/11       EV:  9    Int:  5 (11) God:    Trog [**....]
Gold:   566        SH:  0    Dex:  1 (6)  Spells: 10/10 levels left

rFire   . . .      SeeInvis .   a - +0 war axe
rCold   + . .      Faith    .   B - +0 kite shield
rNeg    + . .      Spirit   .   e - +0 plate armour
rPois   +          Reflect  .   d - +2 helmet {Int+3}
rElec   .          Harm     .   L - +1 cloak {Stlth+}
rCorr   .          Rampage  .   k - +1 pair of gloves
Will    .....                   (no boots)
Stlth   ..........              (no amulet)
HPRegen 0.25/turn               l - +4 ring of evasion
MPRegen 0.12/turn               E - ring "Ruraeduo" {rPois rC+ rN+ Dex-4}

@: confused, ambrosia-drunk, on berserk cooldown, slowed, studying Short Blades,
very slow
A: no striking features
a: Renounce Religion, Berserk, Trog's Hand


You were on level 10 of the Dungeon.
You worshipped Trog.
Trog was pleased with you.
You visited 2 branches of the dungeon, and saw 11 of its levels.
You also visited: Sewer.

You collected 566 gold pieces.

Inventory:

Hand Weapons
 a - a +0 war axe (weapon)
 o - a +0 morningstar
 w - a +0 flail of holy wrath
Missiles
 r - 5 silver javelins (quivered)
 u - 5 javelins
 y - 49 poisoned darts
 C - 6 boomerangs
 F - 3 throwing nets
Armour
 d - a +2 helmet of intelligence (worn)
 e - a +0 plate armour (worn)
 k - a +1 pair of gloves (worn)
 B - a +0 kite shield (worn)
 L - a +1 cloak of stealth (worn)
Jewellery
 j - a ring of resist corrosion
 l - a +4 ring of evasion (left hand)
 q - a ring of protection from cold
 E - the ring "Ruraeduo" (right hand) {rPois rC+ rN+ Dex-4}
   (You found it on level 10 of the Dungeon)

   [ring of protection from cold]

   Dex:       It affects your dexterity (-4).
   rC:        It protects you from cold.
   rPois:     It protects you from poison.
   rN:        It protects you from negative energy.
 K - a +6 ring of intelligence
 M - a ring of magical power
Wands
 h - a wand of digging (2)
 p - a wand of polymorph (9)
 t - a wand of flame (18)
 z - a wand of charming (12)
Scrolls
 i - 3 scrolls of poison
 n - 5 scrolls of teleportation
 v - 2 scrolls of magic mapping
 x - a scroll of amnesia
 G - a scroll of vulnerability {unknown}
 H - a scroll of silence
 I - 2 scrolls of enchant weapon {unknown}
 J - a scroll of blinking
Potions
 f - 5 potions of cancellation
 g - 2 potions of brilliance
 m - a potion of lignification
 s - a potion of resistance
 A - a potion of invisibility
 D - a potion of heal wounds {unknown}


   Skills:
 + Level 8.2 Fighting
 * Level 11.6 Axes
 + Level 5.5 Throwing
 + Level 7.6 Armour
 + Level 7.6 Shields
 + Level 6.0 Evocations


You had 10 spell levels left.
You didn't know any spells.
Your spell library contained the following spells:

 Spells                   Type           Power      Damage    Failure   Level
 Sublimation of Blood     Necr           0%         N/A       100%        2
 Dazzling Flash           Conj/Hex       0%         N/A       100%        3
 Ozocubu's Armour         Ice            0%         N/A       100%        3
 Corpse Rot               Necr/Pois/Air  0%         N/A       100%        4
 Dispel Undead            Necr           0%         3d6       100%        4
 Petrify                  Tmut/Erth      0%         N/A       100%        4
 Agony                    Necr           0%         N/A       100%        5
 Irradiate                Conj/Tmut      0%         3d11      100%        5
 Silence                  Hex/Air        0%         N/A       100%        5
 Summon Forest            Summ/Tloc      0%         N/A       100%        5
 Summon Mana Viper        Hex/Summ       0%         N/A       100%        5
 Death Channel            Necr           0%         N/A       100%        6
 Summon Cactus Giant      Summ           0%         N/A       100%        6
 Ozocubu's Refrigeration  Ice            0%         4d7       100%        7


Dungeon Overview and Level Annotations

Branches:
Dungeon (10/15)            Temple (1/1) D:6            Lair (0/5) D:10
    Orc (0/2) D:9           Sewer (visited)

Altars:
Ashenzari
Cheibriados
Dithmenos
Elyvilon
Fedhas
Gozag
Hepliaklqana
Kikubaaqudgha
Makhleb
Nemelex Xobeh
Okawaru
Qazlal
Ru
Sif Muna
Trog
Uskayaw
Vehumet
Wu Jian
Xom
Yredelemnul
Zin
The Shining One


Message History

Something stings you but does no damage.
You closely miss something. Something hits you.
Something hits you but does no damage. Something stings you.
* * * LOW HITPOINT WARNING * * *
You feel dopey.
You miss something. Something hits you but does no damage. Something hits you!
* * * LOW HITPOINT WARNING * * *
You feel weakened.
Something stings you but does no damage.
You closely miss something. You hit something.
You feel you are being watched by something.
Something hits you but does no damage. x2; Something stings you.
* * * LOW HITPOINT WARNING * * *
You feel dopey.
You closely miss something.
Something hits you but does no damage. x2
Something stings you!
* * * LOW HITPOINT WARNING * * *
You slice something!!
You are no longer berserk.
You are exhausted.
You feel yourself slow down.
You feel you are being watched by something.
Something hits you but does no damage. x2; Something stings you.
* * * LOW HITPOINT WARNING * * *
Your skin stops crawling.
You feel less strong-willed. Something hits you.
* * * LOW HITPOINT WARNING * * *
You feel dopey. Something hits you but does no damage. Something stings you.
* * * LOW HITPOINT WARNING * * *
You are confused.
You feel invigorated.
You feel you are being watched by something.
You feel your power leaking away.
Something hits you but does no damage. x2
Something stings you but does no damage.
You feel you are being watched by something.
Something hits you!
You die...

#...[#...>#.#.#..P.P..#.#
########)#########.#.#.P.....#.#
.P#....)))..#...<#.#...........#
[.#....)))..#.####.##..........#
))#)........#.# #.#.....>.....#
P.'.........#.####.#..........##
#############............(....#
.....###.......#..P....##
#.......>.@....#.......#
#.....###......##.....## #....
#......###...## #...
#######.##..## #.. #.##.## ## #.
#.##.#### .# # #.......# .#
#######.# .# #.#


There were no monsters in sight!

Vanquished Creatures
  A skeletal warrior (D:7)
  An orc knight (D:10)
  An elephant (D:10)
  Maurice (D:8)
  A wyvern (D:10)
  A yak (D:10)
  A basilisk (D:10)
  3 vampire mosquitoes
  A water moccasin (D:7)
  A black bear (D:10)
  An orc warrior (D:9)
  An ice beast (D:7)
  3 ogres
  3 centaurs
  A phantom (D:7)
  6 kobold brigands
  A gnoll sergeant (D:10)
  4 bullfrogs
  A necrophage (D:4)
  4 scorpions
  17 killer bees
  6 howler monkeys
  6 hounds
  2 gnoll boudas
  6 orc priests
  Crazy Yiuf (D:4)
  3 iguanas
  6 orc wizards
  Robin (D:4)
  18 gnolls
  10 adders
  An ufetubus (D:4)
  2 worms
  2 dart slugs
  28 orcs
  8 ball pythons
  6 endoplasms
  16 giant cockroaches
  14 goblins
  8 hobgoblins
  4 jackals (D:1)
  26 kobolds
  15 quokkas
  9 bats
  10 frilled lizards
  4 rats (D:1)
266 creatures vanquished.

Vanquished Creatures (others)
  A bush (D:10)
  10 plants
11 creatures vanquished.

Grand Total: 277 creatures vanquished

Notes
Turn   | Place    | Note
-------+----------+-------------------------------------------
     0 | D:1      | LabCoat the Hill Orc Fighter began the quest for the Orb.
     0 | D:1      | Reached XP level 1. HP: 19/19 MP: 1/1
   183 | D:1      | Reached XP level 2. HP: 23/27 MP: 2/2
   330 | D:1      | Reached skill level 3 in Axes
   648 | D:1      | Found a faded altar of an unknown god.
   661 | D:1      | Reached XP level 3. HP: 32/33 MP: 3/3
  1507 | D:2      | Reached skill level 1 in Throwing
  1507 | D:2      | Reached skill level 1 in Evocations
  1626 | D:3      | Reached XP level 4. HP: 40/40 MP: 4/4
  1683 | D:3      | Reached skill level 4 in Axes
  1835 | D:3      | Reached XP level 5. HP: 20/46 MP: 5/5
  2270 | D:3      | Found an iron altar of Okawaru.
  2366 | D:4      | Reached XP level 6. HP: 18/53 MP: 6/6
  2593 | D:4      | Reached skill level 5 in Axes
  2855 | D:4      | Noticed Robin
  2884 | D:4      | Killed Robin
  3367 | D:4      | Reached XP level 7. HP: 55/60 MP: 7/7
  3455 | D:4      | Found a runed translucent door.
  3456 | D:4      | Noticed Crazy Yiuf
  3461 | D:4      | Killed Crazy Yiuf
  3462 | D:4      | Reached skill level 5 in Fighting
  3462 | D:4      | Reached skill level 6 in Axes
  3484 | D:4      | Found a glowing silver altar of Zin.
  3713 | D:5      | Entered Level 5 of the Dungeon
  3771 | D:5      | Reached XP level 8. HP: 26/68 MP: 8/8
  3882 | D:5      | Reached skill level 5 in Shields
  4008 | D:5      | Found a snail-covered altar of Cheibriados.
  4013 | D:5      | Reached skill level 7 in Axes
  4013 | D:5      | Reached skill level 5 in Armour
  4519 | D:6      | Found a glowing drain.
  4538 | Sewer    | Entered a sewer
  4982 | D:6      | Found a shimmering blue altar of Sif Muna.
  5363 | D:6      | Found a staircase to the Ecumenical Temple.
  5370 | Temple   | Entered the Ecumenical Temple
  5402 | Temple   | Became a worshipper of Trog the Wrathful
  5513 | D:6      | Found a burning altar of Makhleb.
  6370 | D:7      | Reached skill level 8 in Axes
  6403 | D:7      | Found an ancient bone altar of Kikubaaqudgha.
  6411 | D:7      | Noticed a skeletal warrior
  6417 | D:7      | Reached XP level 9. HP: 66/75 MP: 9/9
  7174 | D:7      | Killed a skeletal warrior
  7175 | D:7      | Reached skill level 9 in Axes
  7692 | D:7      | Found a white marble altar of Elyvilon.
  7692 | D:7      | Found a stormy altar of Qazlal.
  8167 | D:8      | Reached XP level 10. HP: 63/86 MP: 10/10
  8170 | D:8      | Reached skill level 10 in Axes
  8170 | D:8      | Reached skill level 5 in Evocations
  8171 | D:8      | Reached * piety under Trog
  8509 | D:8      | Noticed Maurice
  8624 | D:8      | Killed Maurice
  9295 | D:9      | Found a staircase to the Orcish Mines.
  9361 | D:9      | Reached skill level 5 in Throwing
  9911 | D:9      | Identified the +3 chain mail of Duaggadduo {+Blink rN+
                  | Str-4 Int+2}
 10295 | D:10     | Entered Level 10 of the Dungeon
 10309 | D:10     | Noticed an elephant
 10338 | D:10     | Killed an elephant
 10339 | D:10     | Reached skill level 11 in Axes
 10650 | D:10     | Found a staircase to the Lair.
 10690 | D:10     | Identified the ring "Ruraeduo" {rPois rC+ rN+ Dex-4}
 10736 | D:10     | a titanic slime creature changed into something unseen
 11075 | D:10     | Noticed an orc knight
 11094 | D:10     | Reached ** piety under Trog
 11100 | D:10     | Killed an orc knight
 11343 | D:10     | Reached XP level 11. HP: 77/94 MP: 11/11
 11526 | D:10     | Noticed a wizard
 11808 | D:10     | HP: 3/94 [something (5)]
 11808 | D:10     | HP: 1/94 [something (2)]
 11809 | D:10     | Slain by a ghost moth

Illustrated notes

Levels and vault maps discovered:
D:1:      saegor_arrival_miasma, layout_basic,
          shapermc_ecumenical_altar_mp_highgroup, minmay_tromino_v4_c
D:2:      layout_loops_ring, serial_bayou, serial_bayou_crossing,
          serial_bayou_pond_a, serial_bayou_lagoon_a, serial_bayou_shore_b,
          columned_hall_lemuel, kennysheep_generic_room_4
D:3:      wad_lake_hut, layout_rooms, lemuel_round_altar
D:4:      layout_basic, general_overflow_altar, minmay_misc_feat_doors,
          uniq_robin, uniq_crazy_yiuf_cottage
D:5:      layout_cave_pools, cheibriados_altar_1
D:6:      nicolae_cairo_tiling, layout_loops_corners,
          mainiacjoe_overflow_surrounded_room, makhleb_heckhound_becter,
          gup_sewer_entry_pipe
D:7:      layout_loops_corners, kiku_gazebo_pond_becter,
          gammafunk_temple_overflow_statue, minmay_misc_feat_five,
          hangedman_decor_clover_reticule, minmay_manual_monstrance
D:8:      layout_loops_cross, uniq_maurice
D:9:      layout_basic, orc_0_dummy, minmay_misc_feat_nine_boxes
D:10:     minmay_klotski, layout_basic, david_lair_generic, uniq_sonja
Temple:   eino_temple_lava

Skill      XL: |  1  2  3  4  5  6  7  8  9 10 |
---------------+-------------------------------+-----
Axes           | 3 4 5 6 8 9 11 | 11.6
Throwing       | 1 2 3 4 5 |  5.5
Evocations     | 1 2 3 4 6 |  6.0
Fighting       | 4 5 6 7 8 |  8.2
Armour         | 4 5 6 7 |  7.6
Shields        | 4 5 6 7 |  7.6

Action                   |  1- 3 |  4- 6 |  7- 9 | 10-12 || total
-------------------------+-------+-------+-------+-------++-------
Melee: War axe           |    95 |   150 |   381 |   202 ||   828
Throw: Javelin           |       |       |    17 |    14 ||    31
Invok: Berserk           |       |       |       |     6 ||     6
       Trog's Hand       |       |       |       |     1 ||     1
Evoke: Wand              |       |       |     7 |    12 ||    19
  Use: Scroll            |     5 |     9 |     8 |     4 ||    26
       Potion            |       |     2 |     4 |     4 ||    10
Armor: Plate armour      |    64 |   105 |   231 |   241 ||   641
       Scale mail        |     2 |       |       |       ||     2
       Skin              |       |       |       |     1 ||     1
Dodge: Dodged            |    33 |    79 |   170 |   161 ||   443
Block: Buckler           |    34 |    48 |    94 |    70 ||   246
       Kite shield       |       |       |       |    14 ||    14
